 Dungeon Crawl Stone Soup version 0.29.0-4-gdea44cf6ec (webtiles) character file.

Game seed: 1606748200468035911

176703 qw the Severer (level 18, -1/122 HPs)
             Began as a Gargoyle Berserker on Sept 8, 2022.
             Was an Elder of Trog.
             Slain by the 27-headed Lernaean hydra (9 damage)
             ... on level 4 of the Swamp.
             The game lasted 00:13:16 (35866 turns).

qw the Severer (Gargoyle Berserker)                Turns: 35866, Time: 00:13:17

Health: -1/122     AC: 45    Str: 40    XL:     18   Next: 14%
Magic:  18/18      EV: 16    Int:  8    God:    Trog [****..]
Gold:   1478       SH: 13    Dex: 11    Spells: 17/17 levels left

rFire   x x .      SeeInvis .   r - +6 broad axe "Migorebb" {vorpal, rElec rF- rN++ Will+}
rCold   + + .      Faith    .   e - +0 kite shield {reflect}
rNeg    + + +      Spirit   .   h - +0 ice dragon scales
rPois   inf        Reflect  +   m - +1 helmet
rElec   +          Harm     .   p - +2 cloak "Eshol" {Fly rElec}
rCorr   .          Rampage  .   F - +2 pair of gloves of the Morning {Regen+ Str+3 Dex+3}
Will    ++...                   f - +2 pair of boots
Stlth   ++........              d - amulet "Sotzunwa" {Acrobat Str+5 Stlth+}
HPRegen 1.10/turn               y - ring of Ethics {rElec AC+4}
MPRegen 0.16/turn               v - +4 ring of evasion

@: about to teleport, on berserk cooldown, flying, slowed, very slow
A: sickness immunity, AC +13, big wings, negative energy resistance 1,
electricity resistance, torment resistance 1, petrification resistance,
camouflage 1, strong 1, devolution 1
a: Renounce Religion, Berserk, Trog's Hand, Brothers in Arms


You were on level 4 of the Swamp.
You worshipped Trog.
Trog was greatly pleased with you.
You visited 5 branches of the dungeon, and saw 29 of its levels.

You collected 3703 gold pieces.
You spent 2225 gold pieces at shops.


Innate Abilities, Weirdness & Mutations

You are immune to sickness and miasma.
Your stone body is resilient. (AC +13)
You are immune to poison.
Your large and strong wings let you fly.
You resist negative energy. (rN+)
You are resistant to electric shocks. (rElec)
You are resistant to unholy torment.
You are immune to petrification.
Your skin changes colour to match your surroundings (Stealth+).
Your muscles are strong. (Str +4, Int/Dex -1)
You have hidden genetic defects.


   Skills:
 + Level 16.7 Fighting
 - Level 18.0 Axes
 - Level 7.0 Throwing
 - Level 14.0 Armour
 - Level 6.0 Dodging
 - Level 15.0 Shields


You had 17 spell levels left.
You didn't know any spells.
Your spell library was empty.

Inventory:

Hand Weapons
 l - a +3 vorpal broad axe
 r - the +6 broad axe "Migorebb" (weapon) {vorpal, rElec rF- rN++ Will+}
   (You acquired it on level 6 of the Dungeon)

   It inflicts extra damage upon your enemies.
   rF:        It makes you vulnerable to fire.
   rElec:     It insulates you from electricity.
   rN:        It greatly protects you from negative energy.
   Will:      It increases your willpower.
Missiles
 w - 15 boomerangs
 z - a silver boomerang
 B - 7 boomerangs of dispersal
 D - 9 javelins (quivered)
Armour
 e - a +0 kite shield of reflection (worn)
 f - a +2 pair of boots (worn)
 h - +0 ice dragon scales (worn)
 m - a +1 helmet (worn)
 p - the +2 cloak "Eshol" (worn) {Fly rElec}
   (You found it on level 11 of the Dungeon)

   rElec:     It insulates you from electricity.
   Fly:       It grants you flight.
 u - +0 pearl dragon scales
 E - a +1 chain mail of fire resistance
 F - the +2 pair of gloves of the Morning (worn) {Regen+ Str+3 Dex+3}
   (You bought it in a shop on level 2 of the Orcish Mines)

   Str:       It affects your strength (+3).
   Dex:       It affects your dexterity (+3).
   Regen:     It increases your rate of health regeneration.
Jewellery
 d - the amulet "Sotzunwa" (around neck) {Acrobat Str+5 Stlth+}
   (You found it on level 2 of the Dungeon)

   [amulet of the acrobat]

   It increases your evasion while moving and waiting.
   Str:       It affects your strength (+5).
   Stlth:     It makes you more stealthy.
 j - a ring of protection from fire
 n - a ring of fire
 t - an amulet of reflection
 v - a +4 ring of evasion (right hand)
 y - the ring of Ethics (left hand) {rElec AC+4}
   (You found it on level 2 of the Lair of Beasts)

   [ring of protection]

   AC:        It affects your AC (+4).
   rElec:     It insulates you from electricity.
Scrolls
 a - 14 scrolls of identify
 g - 8 scrolls of teleportation
 A - a scroll of enchant weapon
Potions
 b - 6 potions of might
 c - 13 potions of curing
 i - 4 potions of cancellation
 k - 8 potions of mutation
 o - 5 potions of haste
 s - 3 potions of resistance
 x - 2 potions of heal wounds

Dungeon Overview and Level Annotations

Branches:
Dungeon (15/15)            Temple (0/1) D:5            Lair (5/5) D:8
  Swamp (4/4) Lair:2       Spider (3/4) Lair:2        Slime (0/5) Lair:5
    Orc (2/2) D:9             Elf (0/3) Orc:2        Vaults (0/5) D:13
 Depths (0/4) D:15

Altars:
Ashenzari
Kikubaaqudgha
Nemelex Xobeh
Okawaru
Qazlal
Sif Muna
Vehumet
Yredelemnul
The Shining One
Jiyva
Lugonu

Shops:
D:12 *   Orc:2 *([(

Portals:
Abyss: Lair:5

Annotations:
D:3 5 runed translucent doors, qw's ghost, amateur BaCK
D:6 3 runed translucent doors, qw's ghost, novice TrCA
D:8 1 runed translucent door
D:12 3 runed translucent doors, squishfish's ghost, journeyman TrMo
Swamp:4 Lernaean hydra


Message History

The 27-headed Lernaean hydra completely misses you.
The 27-headed Lernaean hydra bites you but does no damage. x3
The 27-headed Lernaean hydra completely misses you.
The 27-headed Lernaean hydra bites you but does no damage. x2
The 27-headed Lernaean hydra bites you.
You block the 27-headed Lernaean hydra's attack.
The 27-headed Lernaean hydra bites you but does no damage. x3
The 27-headed Lernaean hydra barely misses you.
The 27-headed Lernaean hydra bites you but does no damage. x2
The 27-headed Lernaean hydra bites you.
35866 ||| READING 9 scrolls of teleportation.
As you read the scroll of teleportation, it crumbles to dust.
You feel strangely unstable.
The eight-headed hydra bites you but does no damage. x2
You block the eight-headed hydra's attack.
The eight-headed hydra closely misses you.
You block the eight-headed hydra's attack.
The eight-headed hydra misses you.
The eight-headed hydra bites you but does no damage. x2
You block the seven-headed hydra's attack.
The seven-headed hydra misses you.
The seven-headed hydra bites you but does no damage. x3
The seven-headed hydra closely misses you.
The seven-headed hydra bites you but does no damage.
The six-headed hydra bites you but does no damage. x6
The 27-headed Lernaean hydra bites you but does no damage. x3
You block the 27-headed Lernaean hydra's attack.
The 27-headed Lernaean hydra bites you!
The 27-headed Lernaean hydra bites you but does no damage. x2
You block the 27-headed Lernaean hydra's attack.
The 27-headed Lernaean hydra misses you.
You block the 27-headed Lernaean hydra's attack.
The 27-headed Lernaean hydra bites you but does no damage. x5
The 27-headed Lernaean hydra completely misses you.
The 27-headed Lernaean hydra bites you.
The 27-headed Lernaean hydra bites you but does no damage. x4
The 27-headed Lernaean hydra barely misses you.
The 27-headed Lernaean hydra bites you but does no damage.
The 27-headed Lernaean hydra bites you!
You die...

7...~.~~77~~~77.¤.........777.~
7~~#~~~#...7777..777.7.¤~7777.~
7~~~~~~~~#~77.~..~777~~#77....~
7~~~~~77~~77.#.~..7 ~~~.......~
77~~~777~77.~#...#.777~~~......
7~#~7 7777~###~.#~7 77~~~....~
7777# #####.## . 77~~.~7..
#.~~# ~7 77~~~.~77 #@D#~#
7~~~~~~~~ #DDD.~# 7~~~~~~..
~DkD.~~# 7~~~~~~~.7 #~~~~#.~~~#
7~~~~~~..7 ~~~~~#~.#~~#
77~~~~~~.7 ...... ..¤~##
777..~~~~ ..##~D ~¤~~# 7..~~~.
.. ~.. .~~ ..~7...7~ ..~777777


You could see the 27-headed Lernaean hydra, an eight-headed hydra, 2
seven-headed hydras, a six-headed hydra, a four-headed hydra, a swamp dragon and
a swamp drake.

Vanquished Creatures
  Arachne (Spider:3)
  Jorgrun (Swamp:2)
  Agnes (D:15)
  Roxanne (Swamp:1)
  2 emperor scorpions
  Aizul (Swamp:2)
  2 ghost moths (Spider:3)
  An orc warlord (Orc:2)
  A stone giant (D:15)
  A broodmother (Spider:1)
  2 eleionomae
  Azrael (Spider:1)
  6 entropy weavers
  A bunyip (Swamp:3)
  5 spark wasps
  A shambling mangrove (Swamp:3)
  15 hydras
  A centaur warrior (D:13)
  4 boulder beetles
  Erica (D:9)
  2 radroaches
  3 jorogumos
  2 two-headed ogres
  3 ghost crabs
  2 dancing weapons (D:13)
  A death knight (D:15)
  4 death yaks (Lair:5)
  6 alligators
  3 thrashing horrors (Lair:5)
  Urug (Orc:1)
  6 tengu warriors
  Amaemon (D:9)
  5 skeletal warriors
  5 steelbarb worms
  6 pharaoh ants
  3 goliath frogs
  5 orb spiders
  A wizard (D:15)
  A spriggan druid (Swamp:3)
  7 swamp dragons
  A bog body (Swamp:2)
  2 orc knights (Orc:2)
  3 cyclopes
  A deep elf pyromancer (D:15)
  21 ugly things
  4 will-o-the-wisps
  3 orc sorcerers (Orc:2)
  14 wolf spiders
  A manticore (D:13)
  Maurice (D:12)
  3 moths of wrath
  3 black mambas (Lair:5)
  11 elephants
  An ice statue (D:15)
  A gargoyle (D:12)
  An orange demon (D:9)
  A smoke demon (Lair:5)
  4 torpor snails
  2 unseen horrors
  10 cane toads
  4 demonic crawlers
  12 komodo dragons
  A rime drake (Lair:5)
  A freezing wraith (D:15)
  A tengu conjurer (D:14)
  An efreet (D:14)
  A komodo dragon (shapeshifter) (D:13)
  2 ancient zymes (Lair:5)
  A bloated husk (Swamp:1)
  3 trolls
  4 tyrant leeches
  5 polar bears
  12 tarantellas
  9 hornets
  30 blink frogs
  11 dream sheep
  6 slime creatures (D:13)
  26 jumping spiders
  A shadow (D:13)
  9 culicivoras
  7 spriggans
  3 wraiths
  28 yaks
  2 ynoxinuls (Lair:5)
  A hog (shapeshifter) (Lair:5)
  8 basilisks
  2 fire elementals (Spider:1)
  40 redbacks
  2 chaos spawn (Lair:5)
  5 wyverns
  A steam dragon (D:7)
  4 vampire mosquitoes (D:15)
  15 swamp worms
  3 wargs
  2 acid dragons
  14 water moccasins
  A large abomination (Lair:5)
  6 hell hounds (Spider:1)
  2 swamp drakes (Swamp:4)
  A sky beast (D:6)
  3 black bears
  30 orc warriors
  3 ice beasts
  8 ogres
  11 small abominations (Lair:5)
  7 wolves
  8 centaurs
  3 kobold brigands
  Blork the orc (D:5)
  12 bullfrogs
  A necrophage (D:6)
  A gnoll sergeant (D:11)
  A scorpion (D:7)
  8 wights (D:7)
  4 killer bees (D:9)
  5 howler monkeys
  5 crimson imps (D:8)
  3 hounds
  28 orc priests
  2 jellies (D:6)
  A gnoll bouda (D:4)
  6 iguanas
  25 orc wizards
  7 gnolls
  8 adders
  3 shadow imps
  6 white imps
  An ufetubus (D:5)
  6 worms
  2 dart slugs
  93 orcs
  6 endoplasms
  2 giant cockroaches (D:4)
  9 goblins
  5 hobgoblins
  3 jackals (D:4)
  6 quokkas
  9 ball pythons
  3 bats
  2 frilled lizards
  A jackal skeleton (D:8)
  29 kobolds
  5 rats
873 creatures vanquished.

Vanquished Creatures (collateral kills)
  2 entropy weavers (Spider:3)
  2 hydras
  A radroach (Spider:2)
  An orc high priest (Orc:2)
  2 orb spiders (Spider:2)
  An orc sorcerer (Orc:2)
  A gargoyle (D:13)
  A demonic crawler (Spider:2)
  A jumping spider (Spider:1)
  A culicivora (Spider:1)
  A redback (Spider:2)
  An orc warrior (Orc:2)
  2 orc priests (Orc:2)
  2 orcs (Orc:2)
19 creatures vanquished.

Vanquished Creatures (others)
  2 bloated husks
  24 foxfires
  50 fungi
  78 plants
  3 toadstools (D:8)
157 creatures vanquished.

Grand Total: 1049 creatures vanquished

Notes
Turn   | Place    | Note
-------+----------+-------------------------------------------
     0 | D:1      | qw the Gargoyle Berserker began the quest for the Orb.
     0 | D:1      | Reached XP level 1. HP: 14/14 MP: 1/1
     0 | D:1      | 0 ||| qw: Version: 0.1-a-111-g1c1fd2e
     0 | D:1      | 0 ||| qw: Game counter: 6643
     0 | D:1      | 0 ||| qw: Always use a shield: true
     0 | D:1      | 0 ||| qw: Do Orc after D:15 true
     0 | D:1      | 0 ||| qw: Do second Lair branch before Depths: true
     0 | D:1      | 0 ||| qw: Lair rune preference: random
     0 | D:1      | 0 ||| qw: Plans: Normal
     0 | D:1      | 0 ||| PLANNING D:1-11
    31 | D:1      | Found a faded altar of an unknown god.
   375 | D:1      | Reached skill level 3 in Axes
   612 | D:1      | Reached XP level 2. HP: 19/19 MP: 2/2
  1053 | D:1      | 1053 ||| UPGRADING to +0 leather armour.
  1063 | D:1      | 1063 ||| DROPPING +0 animal skin.
  1064 | D:1      | 1064 ||| UPGRADING to +0 scale mail.
  1074 | D:1      | 1074 ||| DROPPING +0 leather armour.
  1075 | D:1      | 1075 ||| UPGRADING to +0 ice dragon scales.
  1085 | D:1      | 1085 ||| READING 3 scrolls labelled HEWIRI RYTA.
  1086 | D:1      | 1086 ||| READING scroll labelled UNYKET JOZ REA.
  1087 | D:1      | 1087 ||| READING 2 scrolls of identify.
  1087 | D:1      | 1087 ||| IDENTIFYING pink potion
  1125 | D:2      | 1125 ||| INVOKING Berserk.
  1396 | D:2      | 1396 ||| DROPPING +0 club.
  1439 | D:2      | Found a sparkling altar of Nemelex Xobeh.
  1510 | D:2      | Reached XP level 3. HP: 23/23 MP: 3/3
  1513 | D:2      | Identified the amulet "Sotzunwa" {Acrobat Str+5 Stlth+}
  1557 | D:2      | 1557 ||| INVOKING Berserk.
  1864 | D:2      | 1864 ||| UPGRADING to +2 pair of boots.
  1869 | D:2      | 1869 ||| UPGRADING to amulet "Sotzunwa" {Acrobat Str+5
                  | Stlth+}.
  1874 | D:2      | 1874 ||| READING scroll labelled QOPOVIUNOJ.
  1875 | D:2      | 1875 ||| READING scroll labelled CUTORGHIOJE.
  1879 | D:2      | 1879 ||| READING scroll labelled LESEVVY GILERA.
  1880 | D:2      | 1880 ||| DRINKING 2 inky potions.
  1881 | D:2      | 1881 ||| DRINKING 2 fizzy black potions.
  1926 | D:2      | 1926 ||| READING 3 scrolls of identify.
  1926 | D:2      | 1926 ||| IDENTIFYING fuming grey potion
  1927 | D:2      | 1927 ||| READING 2 scrolls of identify.
  1927 | D:2      | 1927 ||| IDENTIFYING fizzy clear potion
  1928 | D:2      | 1928 ||| DROPPING potion of lignification.
  1929 | D:2      | 1929 ||| DROPPING potion of flight.
  1982 | D:3      | Found an ancient bone altar of Kikubaaqudgha.
  2013 | D:3      | 2013 ||| Stepping ~*~*~tactically~*~*~ (stealth).
  2015 | D:3      | 2015 ||| Stepping ~*~*~tactically~*~*~ (hiding).
  2019 | D:3      | 2019 ||| INVOKING Berserk.
  2022 | D:3      | Reached skill level 4 in Axes
  2024 | D:3      | Reached XP level 4. HP: 28/28 MP: 4/4
  2135 | D:3      | 2135 ||| DROPPING +0 whip.
  2257 | D:3      | Reached skill level 5 in Axes
  2518 | D:3      | Reached XP level 5. HP: 32/32 MP: 5/5
  2527 | D:3      | Found a large runed translucent door.
  2528 | D:3      | Found a large runed translucent door.
  2583 | D:3      | 2583 ||| Stepping ~*~*~tactically~*~*~ (stealth).
  2720 | D:3      | Found a runed translucent gate.
  2721 | D:3      | Found a runed translucent gate.
  2721 | D:3      | Found a runed translucent gate.
  2727 | D:3      | Noticed qw's ghost (amateur BaCK)
  2984 | D:3      | 2984 ||| Stepping ~*~*~tactically~*~*~ (stealth).
  3114 | D:3      | 3114 ||| DROPPING orb of energy.
  3115 | D:3      | 3115 ||| UPGRADING to +6 ring of strength.
  3116 | D:3      | 3116 ||| UPGRADING to +6 ring of dexterity.
  3117 | D:3      | 3117 ||| READING scroll labelled RUHEH YBBI.
  3241 | D:4      | Reached ** piety under Trog
  3243 | D:4      | 3243 ||| Stepping ~*~*~tactically~*~*~ (hiding).
  3244 | D:4      | 3244 ||| Stepping ~*~*~tactically~*~*~ (hiding).
  3247 | D:4      | 3247 ||| INVOKING Berserk.
  3825 | D:4      | Noticed a black bear
  3826 | D:4      | 3826 ||| Stepping ~*~*~tactically~*~*~ (stealth).
  3837 | D:4      | 3837 ||| INVOKING Berserk.
  3844 | D:4      | Reached XP level 6. HP: 38/38 MP: 6/6
  3858 | D:4      | Killed a black bear
  3859 | D:4      | Reached skill level 6 in Axes
  4104 | D:4      | 4104 ||| Stepping ~*~*~tactically~*~*~ (stealth).
  4120 | D:4      | Identified the +3 war axe of a treasure trove {spect,
                  | +Blink rElec rPois Int-5}
  4122 | D:4      | 4122 ||| SWAPPING to +3 war axe of a treasure trove {spect,
                  | +Blink rElec rPois Int-5}.
  4123 | D:4      | 4123 ||| DROPPING +0 hand axe.
  4153 | D:4      | 4153 ||| Stepping ~*~*~tactically~*~*~ (hiding).
  4156 | D:4      | 4156 ||| INVOKING Berserk.
  4298 | D:4      | 4298 ||| INVOKING Berserk.
  4300 | D:4      | Reached skill level 3 in Armour
  4307 | D:4      | Reached XP level 7. HP: 43/43 MP: 7/7
  4574 | D:4      | 4574 ||| INVOKING Berserk.
  4706 | D:4      | Reached skill level 7 in Axes
  4930 | D:4      | 4930 ||| DROPPING +0 scale mail.
  4931 | D:4      | 4931 ||| DROPPING ring of magical power.
  4932 | D:4      | 4932 ||| READING scroll labelled OCAULA KYCKIA.
  4994 | D:4      | 4994 ||| DRINKING 2 yellow potions.
  4995 | D:4      | 4995 ||| READING 3 scrolls of identify.
  4995 | D:4      | 4995 ||| IDENTIFYING black potion
  4996 | D:4      | 4996 ||| READING 2 scrolls of identify.
  4996 | D:4      | 4996 ||| IDENTIFYING lumpy brown potion
  5004 | D:5      | Entered Level 5 of the Dungeon
  5167 | D:5      | 5167 ||| INVOKING Berserk.
  5170 | D:5      | Reached XP level 8. HP: 49/49 MP: 8/8
  5185 | D:5      | 5185 ||| FLEEEEING.
  5231 | D:5      | 5231 ||| Stepping ~*~*~tactically~*~*~ (stealth).
  5233 | D:5      | Noticed Blork the orc
  5234 | D:5      | 5234 ||| Stepping ~*~*~tactically~*~*~ (hiding).
  5239 | D:5      | 5239 ||| INVOKING Berserk.
  5241 | D:5      | Killed Blork the orc
  5349 | D:5      | 5349 ||| DROPPING +0 flail of protection.
  5368 | D:5      | Found a staircase to the Ecumenical Temple.
  5378 | D:5      | 5378 ||| FLEEEEING.
  5379 | D:5      | 5379 ||| FLEEEEING.
  5380 | D:5      | 5380 ||| FLEEEEING.
  5381 | D:5      | 5381 ||| FLEEEEING.
  5382 | D:5      | 5382 ||| FLEEEEING.
  5383 | D:5      | 5383 ||| FLEEEEING.
  5384 | D:5      | 5384 ||| FLEEEEING.
  5385 | D:5      | 5385 ||| FLEEEEING.
  5386 | D:5      | 5386 ||| FLEEEEING.
  5387 | D:5      | 5387 ||| FLEEEEING.
  5388 | D:5      | 5388 ||| FLEEEEING.
  5389 | D:5      | 5389 ||| FLEEEEING.
  5392 | D:5      | 5392 ||| STAIRDANCE
  5495 | D:4      | 5495 ||| UPGRADING to +0 plate armour.
  5505 | D:4      | 5505 ||| DROPPING +0 chain mail.
  5506 | D:4      | 5506 ||| DRINKING 2 white potions.
  5513 | D:5      | 5513 ||| INVOKING Berserk.
  5801 | D:5      | 5801 ||| INVOKING Berserk.
  5927 | D:5      | Found a radiant altar of Vehumet.
  5975 | D:5      | Identified the +1 chain mail of Narcissism {rElec rC+
                  | Will-}
  6006 | D:5      | 6006 ||| DROPPING +1 chain mail of Narcissism {rElec rC+
                  | Will-}.
  6007 | D:5      | 6007 ||| READING scroll labelled BILIRATEAC.
  6008 | D:5      | 6008 ||| READING scroll labelled INE NOX PUEF.
  6008 | D:5      | Identified a scroll of acquirement
  6008 | D:5      | 6008 ||| ACQUIRING 584 gold pieces
  6008 | D:5      | Acquired 584 gold pieces
  6029 | D:6      | Found a runed translucent gate.
  6037 | D:6      | 6037 ||| INVOKING Berserk.
  6045 | D:6      | 6045 ||| FLEEEEING.
  6046 | D:6      | 6046 ||| FLEEEEING.
  6047 | D:6      | 6047 ||| FLEEEEING.
  6049 | D:6      | 6049 ||| FLEEEEING.
  6050 | D:6      | 6050 ||| STAIRDANCE
  6154 | D:6      | 6154 ||| STAIRDANCE
  6154 | D:6      | HP: 3/49 [ogre/+0 giant club (26)]
  6156 | D:5      | 6156 ||| READING scroll of teleportation.
  6157 | D:5      | 6157 ||| DRINKING potion of heal wounds.
  6158 | D:5      | 6158 ||| INVOKING Berserk.
  6160 | D:5      | Reached skill level 8 in Axes
  6425 | D:6      | Reached skill level 6 in Fighting
  6518 | D:6      | 6518 ||| INVOKING Berserk.
  6632 | D:6      | 6632 ||| Stepping ~*~*~tactically~*~*~ (hiding).
  6663 | D:6      | 6663 ||| READING scroll of acquirement.
  6663 | D:6      | 6663 ||| ACQUIRING +6 broad axe "Migorebb" {vorpal, rElec
                  | rF- rN++ Will+}
  6663 | D:6      | Acquired the +6 broad axe "Migorebb" {vorpal, rElec rF-
                  | rN++ Will+}
  6665 | D:6      | 6665 ||| SWAPPING to +6 broad axe "Migorebb" {vorpal, rElec
                  | rF- rN++ Will+}.
  6696 | D:6      | Found a runed translucent gate.
  6700 | D:6      | Found a runed translucent gate.
  6706 | D:6      | Noticed qw's ghost (novice TrCA)
  6711 | D:6      | Reached XP level 9. HP: 55/55 MP: 9/9
  6731 | D:6      | Reached skill level 9 in Axes
  7024 | D:6      | 7024 ||| UPGRADING to +0 ice dragon scales.
  7034 | D:6      | 7034 ||| UPGRADING to +0 helmet.
  7039 | D:6      | 7039 ||| READING 4 scrolls of identify.
  7039 | D:6      | 7039 ||| IDENTIFYING cyan potion
  7040 | D:6      | 7040 ||| READING 3 scrolls of identify.
  7040 | D:6      | 7040 ||| IDENTIFYING silvery potion
  7041 | D:6      | 7041 ||| DROPPING potion of ambrosia.
  7042 | D:6      | 7042 ||| DROPPING potion of berserk rage.
  7086 | D:7      | 7086 ||| Stepping ~*~*~tactically~*~*~ (stealth).
  7088 | D:7      | 7088 ||| Stepping ~*~*~tactically~*~*~ (stealth).
  7115 | D:7      | 7115 ||| Stepping ~*~*~tactically~*~*~ (stealth).
  7304 | D:7      | 7304 ||| Stepping ~*~*~tactically~*~*~ (hiding).
  7307 | D:7      | 7307 ||| Stepping ~*~*~tactically~*~*~ (hiding).
  7316 | D:7      | Reached *** piety under Trog
  7384 | D:7      | 7384 ||| Stepping ~*~*~tactically~*~*~ (cloud).
  7386 | D:7      | 7386 ||| INVOKING Berserk.
  7640 | D:7      | 7640 ||| Stepping ~*~*~tactically~*~*~ (stealth).
  7643 | D:7      | 7643 ||| Stepping ~*~*~tactically~*~*~ (hiding).
  7647 | D:7      | 7647 ||| INVOKING Berserk.
  7780 | D:7      | Reached skill level 10 in Axes
  7858 | D:7      | Found a shimmering blue altar of Sif Muna.
  7984 | D:7      | 7984 ||| DROPPING +0 plate armour.
  7985 | D:7      | 7985 ||| READING scroll labelled KUEQIPHOOH.
  8017 | D:8      | 8017 ||| STAIRDANCE
  8024 | D:8      | 8024 ||| STAIRDANCE
  8031 | D:8      | 8031 ||| STAIRDANCE
  8038 | D:8      | 8038 ||| STAIRDANCE
  8103 | D:8      | 8103 ||| INVOKING Berserk.
  8106 | D:8      | Reached skill level 3 in Dodging
  8192 | D:8      | Reached XP level 10. HP: 64/64 MP: 10/10
  8237 | D:8      | 8237 ||| Stepping ~*~*~tactically~*~*~ (stealth).
  8268 | D:8      | 8268 ||| INVOKING Berserk.
  8420 | D:8      | Found a staircase to the Lair.
  8441 | D:8      | Identified the +0 robe "Aqish" {rPois}
  8445 | D:8      | Found a runed translucent door.
  8448 | D:8      | Found a basalt altar of Yredelemnul.
  8592 | D:8      | 8592 ||| Stepping ~*~*~tactically~*~*~ (hiding).
  8595 | D:8      | 8595 ||| INVOKING Berserk.
  8783 | D:8      | 8783 ||| Stepping ~*~*~tactically~*~*~ (stealth).
  8785 | D:8      | 8785 ||| Stepping ~*~*~tactically~*~*~ (stealth).
  8790 | D:8      | 8790 ||| Stepping ~*~*~tactically~*~*~ (stealth).
  8841 | D:8      | Reached skill level 6 in Armour
  8994 | D:8      | 8994 ||| PLANNING LAIR
  8994 | D:8      | 8994 ||| READING scroll labelled SUXTO DETH.
  8995 | D:8      | 8995 ||| READING scroll labelled ABOYDOD OGRUAH.
  8996 | D:8      | 8996 ||| READING 2 scrolls of identify.
  8996 | D:8      | 8996 ||| IDENTIFYING purple potion
  8997 | D:8      | 8997 ||| DROPPING potion of magic.
  9025 | D:8      | 9025 ||| Stepping ~*~*~tactically~*~*~ (hiding).
  9026 | D:8      | 9026 ||| Stepping ~*~*~tactically~*~*~ (hiding).
  9027 | D:8      | 9027 ||| Stepping ~*~*~tactically~*~*~ (hiding).
  9028 | D:8      | 9028 ||| Stepping ~*~*~tactically~*~*~ (hiding).
  9164 | Lair:1   | Entered Level 1 of the Lair of Beasts
  9261 | Lair:1   | Noticed a cane toad
  9264 | Lair:1   | 9264 ||| INVOKING Berserk.
  9266 | Lair:1   | Killed a cane toad
  9323 | Lair:1   | 9323 ||| Stepping ~*~*~tactically~*~*~ (stealth).
  9324 | Lair:1   | 9324 ||| INVOKING Berserk.
  9536 | Lair:1   | Reached skill level 11 in Axes
  9622 | Lair:1   | 9622 ||| INVOKING Berserk.
  9623 | Lair:1   | Noticed a cane toad
  9630 | Lair:1   | Killed a cane toad
  9631 | Lair:1   | Reached skill level 9 in Fighting
  9839 | Lair:1   | 9839 ||| Stepping ~*~*~tactically~*~*~ (hiding).
 10046 | Lair:1   | 10046 ||| INVOKING Berserk.
 10149 | Lair:1   | Noticed a cane toad
 10153 | Lair:1   | 10153 ||| INVOKING Berserk.
 10155 | Lair:1   | Killed a cane toad
 10663 | Lair:1   | 10663 ||| READING 2 scrolls of identify.
 10663 | Lair:1   | 10663 ||| IDENTIFYING glowing grey potion
 10664 | Lair:1   | 10664 ||| DROPPING potion of brilliance.
 10724 | Lair:2   | 10724 ||| STAIRDANCE
 10767 | Lair:2   | Reached XP level 11. HP: 71/71 MP: 11/11
 10774 | Lair:2   | 10774 ||| INVOKING Berserk.
 10777 | Lair:2   | Reached skill level 12 in Axes
 10798 | Lair:2   | 10798 ||| FLEEEEING.
 10799 | Lair:2   | 10799 ||| FLEEEEING.
 10803 | Lair:2   | 10803 ||| STAIRDANCE
 10905 | Lair:1   | 10905 ||| READING scroll labelled VEPEDI EMASOXU.
 10940 | Lair:2   | Noticed an eight-headed hydra
 10942 | Lair:2   | 10942 ||| SWAPPING to +0 morningstar.
 10943 | Lair:2   | 10943 ||| INVOKING Berserk.
 10949 | Lair:2   | Killed an eight-headed hydra
 11108 | Lair:2   | 11108 ||| SWAPPING to +6 broad axe "Migorebb" {vorpal,
                  | rElec rF- rN++ Will+}.
 11141 | Lair:2   | 11141 ||| INVOKING Berserk.
 11160 | Lair:2   | 11160 ||| Stepping ~*~*~tactically~*~*~ (stealth).
 11239 | Lair:2   | 11239 ||| INVOKING Berserk.
 11322 | Lair:2   | Found a staircase to the Swamp.
 11343 | Lair:2   | Reached skill level 13 in Axes
 11590 | Lair:2   | 11590 ||| Stepping ~*~*~tactically~*~*~ (water).
 11616 | Lair:2   | Noticed a five-headed hydra
 11617 | Lair:2   | 11617 ||| SWAPPING to +0 morningstar.
 11618 | Lair:2   | 11618 ||| INVOKING Berserk.
 11628 | Lair:2   | Killed a five-headed hydra
 11763 | Lair:2   | 11763 ||| SWAPPING to +6 broad axe "Migorebb" {vorpal,
                  | rElec rF- rN++ Will+}.
 11774 | Lair:2   | Identified the ring of Ethics {rElec AC+4}
 11844 | Lair:2   | 11844 ||| INVOKING Berserk.
 11979 | Lair:2   | 11979 ||| Stepping ~*~*~tactically~*~*~ (stealth).
 11992 | Lair:2   | Reached XP level 12. HP: 65/77 MP: 12/12
 12178 | Lair:2   | Found a hole to the Spider Nest.
 12320 | Lair:2   | HP: 18/77 [disintegration (59)]
 12321 | Lair:2   | 12321 ||| FLEEEEING.
 12322 | Lair:2   | 12322 ||| FLEEEEING.
 12323 | Lair:2   | 12323 ||| FLEEEEING.
 12601 | Lair:2   | 12601 ||| DROPPING ring of ice.
 12602 | Lair:2   | 12602 ||| DROPPING ring of protection from cold.
 12603 | Lair:2   | 12603 ||| UPGRADING to ring of Ethics {rElec AC+4}.
 12605 | Lair:2   | 12605 ||| UPGRADING to +6 ring of strength.
 12607 | Lair:2   | 12607 ||| DROPPING +6 ring of dexterity.
 12977 | Lair:3   | Noticed a four-headed hydra
 12980 | Lair:3   | 12980 ||| SWAPPING to +0 morningstar.
 12982 | Lair:3   | 12982 ||| INVOKING Berserk.
 12989 | Lair:3   | Killed a four-headed hydra
 12990 | Lair:3   | Reached skill level 3 in Throwing
 12996 | Lair:3   | 12996 ||| SWAPPING to +6 broad axe "Migorebb" {vorpal,
                  | rElec rF- rN++ Will+}.
 13002 | Lair:3   | Reached **** piety under Trog
 13258 | Lair:3   | 13258 ||| INVOKING Berserk.
 13263 | Lair:3   | Reached skill level 14 in Axes
 13734 | Lair:3   | 13734 ||| UPGRADING to +0 pair of gloves.
 13739 | Lair:3   | 13739 ||| DROPPING amulet of faith.
 13740 | Lair:3   | 13740 ||| READING scroll labelled ZOOTWAKHLIT.
 13741 | Lair:3   | 13741 ||| READING 5 scrolls of identify.
 13741 | Lair:3   | 13741 ||| IDENTIFYING blue potion
 13742 | Lair:3   | 13742 ||| READING 4 scrolls of identify.
 13742 | Lair:3   | 13742 ||| IDENTIFYING brown potion
 13743 | Lair:3   | 13743 ||| DRINKING potion of experience.
 13743 | Lair:3   | Reached skill level 12 in Armour
 13743 | Lair:3   | Reached XP level 13. HP: 82/82 MP: 13/13
 13744 | Lair:3   | 13744 ||| DROPPING potion of invisibility.
 13805 | Lair:4   | 13805 ||| Stepping ~*~*~tactically~*~*~ (stealth).
 13813 | Lair:4   | 13813 ||| Stepping ~*~*~tactically~*~*~ (stealth).
 14028 | Lair:4   | 14028 ||| Stepping ~*~*~tactically~*~*~ (stealth).
 14032 | Lair:4   | 14032 ||| INVOKING Berserk.
 14043 | Lair:4   | 14043 ||| INVOKING Brothers in Arms.
 14044 | Lair:4   | 14044 ||| INVOKING Brothers in Arms.
 14045 | Lair:4   | 14045 ||| INVOKING Brothers in Arms.
 14046 | Lair:4   | 14046 ||| SWAPPING to +0 morningstar.
 14049 | Lair:4   | 14049 ||| SWAPPING to +6 broad axe "Migorebb" {vorpal,
                  | rElec rF- rN++ Will+}.
 14184 | Lair:4   | 14184 ||| INVOKING Berserk.
 14329 | Lair:4   | 14329 ||| Stepping ~*~*~tactically~*~*~ (stealth).
 14330 | Lair:4   | 14330 ||| Stepping ~*~*~tactically~*~*~ (stealth).
 14529 | Lair:4   | 14529 ||| INVOKING Berserk.
 15007 | Lair:4   | 15007 ||| UPGRADING to +0 cloak.
 15024 | Lair:5   | Entered Level 5 of the Lair of Beasts
 15026 | Lair:5   | 15026 ||| Stepping ~*~*~tactically~*~*~ (stealth).
 15029 | Lair:5   | 15029 ||| Stepping ~*~*~tactically~*~*~ (stealth).
 15030 | Lair:5   | 15030 ||| Stepping ~*~*~tactically~*~*~ (stealth).
 15031 | Lair:5   | 15031 ||| Stepping ~*~*~tactically~*~*~ (stealth).
 15037 | Lair:5   | 15037 ||| Stepping ~*~*~tactically~*~*~ (stealth).
 15185 | Lair:5   | 15185 ||| INVOKING Brothers in Arms.
 15186 | Lair:5   | 15186 ||| INVOKING Brothers in Arms.
 15187 | Lair:5   | 15187 ||| INVOKING Brothers in Arms.
 15188 | Lair:5   | 15188 ||| INVOKING Brothers in Arms.
 15189 | Lair:5   | 15189 ||| INVOKING Brothers in Arms.
 15190 | Lair:5   | 15190 ||| INVOKING Brothers in Arms.
 15191 | Lair:5   | 15191 ||| INVOKING Brothers in Arms.
 15192 | Lair:5   | 15192 ||| INVOKING Brothers in Arms.
 15193 | Lair:5   | 15193 ||| INVOKING Brothers in Arms.
 15194 | Lair:5   | 15194 ||| INVOKING Brothers in Arms.
 15195 | Lair:5   | 15195 ||| INVOKING Brothers in Arms.
 15196 | Lair:5   | 15196 ||| INVOKING Brothers in Arms.
 15197 | Lair:5   | 15197 ||| INVOKING Brothers in Arms.
 15198 | Lair:5   | 15198 ||| INVOKING Brothers in Arms.
 15199 | Lair:5   | 15199 ||| INVOKING Brothers in Arms.
 15200 | Lair:5   | 15200 ||| SWAPPING to +0 morningstar.
 15201 | Lair:5   | 15201 ||| INVOKING Berserk.
 15204 | Lair:5   | Reached skill level 15 in Axes
 15207 | Lair:5   | 15207 ||| SWAPPING to +6 broad axe "Migorebb" {vorpal,
                  | rElec rF- rN++ Will+}.
 15430 | Lair:5   | 15430 ||| Stepping ~*~*~tactically~*~*~ (stealth).
 15431 | Lair:5   | 15431 ||| Stepping ~*~*~tactically~*~*~ (stealth).
 15434 | Lair:5   | 15434 ||| INVOKING Berserk.
 15455 | Lair:5   | Gained mutation: Your large and strong wings let you fly.
                  | [Gargoyle growth]
 15455 | Lair:5   | Reached XP level 14. HP: 65/90 MP: 14/14
 15663 | Lair:5   | 15663 ||| FLEEEEING.
 15664 | Lair:5   | 15664 ||| FLEEEEING.
 15665 | Lair:5   | 15665 ||| FLEEEEING.
 15666 | Lair:5   | 15666 ||| FLEEEEING.
 15667 | Lair:5   | 15667 ||| FLEEEEING.
 15669 | Lair:5   | 15669 ||| FLEEEEING.
 15670 | Lair:5   | 15670 ||| FLEEEEING.
 15671 | Lair:5   | 15671 ||| FLEEEEING.
 15672 | Lair:5   | 15672 ||| FLEEEEING.
 15673 | Lair:5   | 15673 ||| FLEEEEING.
 15674 | Lair:5   | 15674 ||| FLEEEEING.
 15675 | Lair:5   | 15675 ||| FLEEEEING.
 15676 | Lair:5   | 15676 ||| FLEEEEING.
 15677 | Lair:5   | 15677 ||| FLEEEEING.
 15679 | Lair:5   | 15679 ||| FLEEEEING.
 15680 | Lair:5   | 15680 ||| FLEEEEING.
 15681 | Lair:5   | 15681 ||| FLEEEEING.
 15682 | Lair:5   | 15682 ||| FLEEEEING.
 15683 | Lair:5   | 15683 ||| FLEEEEING.
 15684 | Lair:5   | 15684 ||| STAIRDANCE
 15688 | Lair:5   | 15688 ||| INVOKING Berserk.
 15693 | Lair:5   | Reached skill level 12 in Fighting
 15697 | Lair:5   | 15697 ||| STAIRDANCE
 15838 | Lair:5   | 15838 ||| SWAPPING to +0 morningstar.
 15839 | Lair:5   | 15839 ||| INVOKING Berserk.
 15899 | Lair:5   | 15899 ||| SWAPPING to +6 broad axe "Migorebb" {vorpal,
                  | rElec rF- rN++ Will+}.
 16050 | Lair:5   | 16050 ||| Stepping ~*~*~tactically~*~*~ (stealth).
 16061 | Lair:5   | 16061 ||| Stepping ~*~*~tactically~*~*~ (stealth).
 16084 | Lair:5   | 16084 ||| Stepping ~*~*~tactically~*~*~ (stealth).
 16213 | Lair:5   | 16213 ||| INVOKING Brothers in Arms.
 16214 | Lair:5   | 16214 ||| INVOKING Brothers in Arms.
 16215 | Lair:5   | 16215 ||| INVOKING Brothers in Arms.
 16216 | Lair:5   | 16216 ||| SWAPPING to +0 morningstar.
 16217 | Lair:5   | 16217 ||| INVOKING Berserk.
 16260 | Lair:5   | 16260 ||| SWAPPING to +6 broad axe "Migorebb" {vorpal,
                  | rElec rF- rN++ Will+}.
 16390 | Lair:5   | 16390 ||| Stepping ~*~*~tactically~*~*~ (hiding).
 16507 | Lair:5   | 16507 ||| Stepping ~*~*~tactically~*~*~ (stealth).
 16515 | Lair:5   | 16515 ||| Stepping ~*~*~tactically~*~*~ (stealth).
 16571 | Lair:5   | 16571 ||| Stepping ~*~*~tactically~*~*~ (stealth).
 16575 | Lair:5   | 16575 ||| Stepping ~*~*~tactically~*~*~ (stealth).
 16576 | Lair:5   | 16576 ||| Stepping ~*~*~tactically~*~*~ (stealth).
 16591 | Lair:5   | Reached skill level 16 in Axes
 16618 | Lair:5   | 16618 ||| Stepping ~*~*~tactically~*~*~ (stealth).
 16640 | Lair:5   | 16640 ||| Stepping ~*~*~tactically~*~*~ (stealth).
 16649 | Lair:5   | 16649 ||| Stepping ~*~*~tactically~*~*~ (stealth).
 16732 | Lair:5   | 16732 ||| FLEEEEING.
 16733 | Lair:5   | 16733 ||| FLEEEEING.
 16734 | Lair:5   | 16734 ||| FLEEEEING.
 16735 | Lair:5   | 16735 ||| FLEEEEING.
 16736 | Lair:5   | 16736 ||| FLEEEEING.
 16737 | Lair:5   | 16737 ||| FLEEEEING.
 16738 | Lair:5   | 16738 ||| FLEEEEING.
 16739 | Lair:5   | 16739 ||| FLEEEEING.
 16740 | Lair:5   | 16740 ||| FLEEEEING.
 16743 | Lair:5   | 16743 ||| FLEEEEING.
 16744 | Lair:5   | 16744 ||| FLEEEEING.
 16745 | Lair:5   | 16745 ||| FLEEEEING.
 16746 | Lair:5   | 16746 ||| FLEEEEING.
 16931 | Lair:5   | Found a viscous altar of Jiyva.
 16932 | Lair:5   | 16932 ||| Stepping ~*~*~tactically~*~*~ (stealth).
 16932 | Lair:5   | Found a staircase to the Slime Pits.
 16951 | Lair:5   | 16951 ||| Stepping ~*~*~tactically~*~*~ (hiding).
 16962 | Lair:5   | 16962 ||| Stepping ~*~*~tactically~*~*~ (stealth).
 17123 | Lair:5   | 17123 ||| INVOKING Brothers in Arms.
 17125 | Lair:5   | 17125 ||| INVOKING Brothers in Arms.
 17126 | Lair:5   | 17126 ||| SWAPPING to +0 morningstar.
 17128 | Lair:5   | 17128 ||| INVOKING Berserk.
 17151 | Lair:5   | 17151 ||| SWAPPING to +6 broad axe "Migorebb" {vorpal,
                  | rElec rF- rN++ Will+}.
 17499 | Lair:5   | 17499 ||| Stepping ~*~*~tactically~*~*~ (hiding).
 17556 | Lair:5   | 17556 ||| Stepping ~*~*~tactically~*~*~ (stealth).
 17561 | Lair:5   | 17561 ||| Stepping ~*~*~tactically~*~*~ (stealth).
 17577 | Lair:5   | 17577 ||| Stepping ~*~*~tactically~*~*~ (stealth).
 17586 | Lair:5   | 17586 ||| FLEEEEING.
 17588 | Lair:5   | 17588 ||| FLEEEEING.
 17589 | Lair:5   | 17589 ||| FLEEEEING.
 17590 | Lair:5   | 17590 ||| FLEEEEING.
 17592 | Lair:5   | 17592 ||| FLEEEEING.
 17593 | Lair:5   | 17593 ||| FLEEEEING.
 17594 | Lair:5   | 17594 ||| FLEEEEING.
 17595 | Lair:5   | 17595 ||| FLEEEEING.
 17596 | Lair:5   | 17596 ||| FLEEEEING.
 17597 | Lair:5   | 17597 ||| FLEEEEING.
 17598 | Lair:5   | 17598 ||| FLEEEEING.
 17599 | Lair:5   | 17599 ||| FLEEEEING.
 17600 | Lair:5   | 17600 ||| FLEEEEING.
 17601 | Lair:5   | 17601 ||| FLEEEEING.
 17604 | Lair:5   | 17604 ||| Stepping ~*~*~tactically~*~*~ (stealth).
 17606 | Lair:5   | 17606 ||| Stepping ~*~*~tactically~*~*~ (stealth).
 17618 | Lair:5   | Reached skill level 17 in Axes
 17751 | Lair:5   | 17751 ||| Stepping ~*~*~tactically~*~*~ (hiding).
 17861 | Lair:5   | Found a corrupted altar of Lugonu.
 17861 | Lair:5   | Found a one-way gate to the infinite horrors of the Abyss.
 17983 | Lair:5   | 17983 ||| PLANNING D:1-11
 17983 | Lair:5   | 17983 ||| DROPPING ring of resist corrosion.
 17984 | Lair:5   | 17984 ||| READING 4 scrolls of identify.
 17984 | Lair:5   | 17984 ||| IDENTIFYING puce potion
 17985 | Lair:5   | 17985 ||| DROPPING potion of attraction.
 18107 | D:9      | Noticed Amaemon
 18124 | D:9      | Killed Amaemon
 18152 | D:9      | 18152 ||| DROPPING +0 morningstar.
 18170 | D:9      | 18170 ||| Stepping ~*~*~tactically~*~*~ (hiding).
 18171 | D:9      | Noticed Erica
 18181 | D:9      | Killed Erica
 18201 | D:9      | Found a staircase to the Orcish Mines.
 18255 | D:9      | 18255 ||| Stepping ~*~*~tactically~*~*~ (hiding).
 18498 | D:9      | 18498 ||| Stepping ~*~*~tactically~*~*~ (stealth).
 18499 | D:9      | 18499 ||| Stepping ~*~*~tactically~*~*~ (stealth).
 18510 | D:9      | 18510 ||| Stepping ~*~*~tactically~*~*~ (stealth).
 18511 | D:9      | 18511 ||| Stepping ~*~*~tactically~*~*~ (stealth).
 18521 | D:9      | 18521 ||| DROPPING ring of positive energy.
 18544 | D:10     | Entered Level 10 of the Dungeon
 18547 | D:10     | 18547 ||| Stepping ~*~*~tactically~*~*~ (hiding).
 18736 | D:10     | 18736 ||| Stepping ~*~*~tactically~*~*~ (hiding).
 18863 | D:10     | Found a broken altar of Ashenzari.
 19003 | D:10     | 19003 ||| Stepping ~*~*~tactically~*~*~ (stealth).
 19022 | D:10     | 19022 ||| Stepping ~*~*~tactically~*~*~ (hiding).
 19536 | D:10     | 19536 ||| Stepping ~*~*~tactically~*~*~ (stealth).
 19537 | D:10     | 19537 ||| Stepping ~*~*~tactically~*~*~ (stealth).
 19552 | D:10     | 19552 ||| READING scroll labelled ISOERI SELAEPS.
 19561 | D:11     | 19561 ||| INVOKING Berserk.
 19759 | D:11     | Identified the +2 cloak "Eshol" {Fly rElec}
 19819 | D:11     | Found a glowing golden altar of the Shining One.
 19840 | D:11     | 19840 ||| Stepping ~*~*~tactically~*~*~ (hiding).
 19842 | D:11     | 19842 ||| Stepping ~*~*~tactically~*~*~ (hiding).
 19903 | D:11     | 19903 ||| Stepping ~*~*~tactically~*~*~ (hiding).
 19913 | D:11     | 19913 ||| Stepping ~*~*~tactically~*~*~ (stealth).
 19927 | D:11     | 19927 ||| Stepping ~*~*~tactically~*~*~ (stealth).
 19935 | D:11     | 19935 ||| Stepping ~*~*~tactically~*~*~ (stealth).
 19937 | D:11     | 19937 ||| Stepping ~*~*~tactically~*~*~ (hiding).
 20159 | D:11     | 20159 ||| Stepping ~*~*~tactically~*~*~ (hiding).
 20315 | D:11     | 20315 ||| Stepping ~*~*~tactically~*~*~ (stealth).
 20317 | D:11     | 20317 ||| Stepping ~*~*~tactically~*~*~ (stealth).
 20324 | D:11     | 20324 ||| Stepping ~*~*~tactically~*~*~ (stealth).
 20505 | D:11     | 20505 ||| UPGRADING to +2 cloak "Eshol" {Fly rElec}.
 20515 | D:11     | 20515 ||| DROPPING +0 cloak.
 20516 | D:11     | 20516 ||| DROPPING orb of light.
 20712 | D:10     | 20712 ||| PLANNING D
 20761 | D:12     | Found Qoluonych's Assorted Antiques.
 21038 | D:12     | Reached skill level 6 in Throwing
 21063 | D:12     | Found a runed translucent gate.
 21063 | D:12     | Found a runed translucent gate.
 21063 | D:12     | Found a runed translucent gate.
 21064 | D:12     | Noticed a rockslime
 21064 | D:12     | Noticed an acid blob
 21064 | D:12     | Noticed an azure jelly
 21065 | D:12     | Noticed an acid blob
 21067 | D:12     | Noticed squishfish's ghost (journeyman TrMo)
 21067 | D:12     | Noticed an acid blob
 21067 | D:12     | Noticed an azure jelly
 21067 | D:12     | Noticed an acid blob
 21067 | D:12     | Noticed an azure jelly
 21067 | D:12     | Noticed an acid blob
 21069 | D:12     | Noticed a rockslime
 21102 | D:12     | Reached XP level 15. HP: 87/98 MP: 15/15
 21362 | D:12     | Noticed Maurice
 21385 | D:12     | Killed Maurice
 21553 | D:12     | Found a viscous altar of Jiyva.
 21591 | D:13     | 21591 ||| INVOKING Berserk.
 22030 | D:13     | 22030 ||| Stepping ~*~*~tactically~*~*~ (stealth).
 22031 | D:13     | 22031 ||| Stepping ~*~*~tactically~*~*~ (stealth).
 22142 | D:13     | Found a gate to the Vaults.
 22265 | D:13     | Reached ***** piety under Trog
 22268 | D:13     | 22268 ||| INVOKING Berserk.
 22281 | D:13     | 22281 ||| INVOKING Brothers in Arms.
 22282 | D:13     | 22282 ||| INVOKING Brothers in Arms.
 22285 | D:13     | HP: 16/98 [gargoyle/stone arrow (16)]
 22286 | D:13     | 22286 ||| READING 9 scrolls of teleportation.
 22685 | D:13     | 22685 ||| UPGRADING to +0 kite shield of reflection.
 22704 | D:12     | 22704 ||| BUYING potion of curing (81 gold).
 22704 | D:12     | Bought a potion of curing for 81 gold pieces
 22704 | D:12     | 22704 ||| BUYING potion of mutation (216 gold).
 22704 | D:12     | Bought a potion of mutation for 216 gold pieces
 22704 | D:12     | 22704 ||| BUYING scroll of enchant armour (202 gold).
 22704 | D:12     | Bought a scroll of enchant armour for 202 gold pieces
 22704 | D:12     | 22704 ||| BUYING scroll of identify (54 gold).
 22704 | D:12     | Bought a scroll of identify for 54 gold pieces
 22704 | D:12     | 22704 ||| READING scroll of enchant armour.
 22704 | D:12     | 22704 ||| ENCHANTING +0 pair of gloves.
 22721 | D:14     | 22721 ||| INVOKING Berserk.
 22731 | D:14     | Reached skill level 1 in Shields
 22740 | D:14     | Reached skill level 3 in Shields
 22853 | D:14     | 22853 ||| Stepping ~*~*~tactically~*~*~ (stealth).
 22854 | D:14     | 22854 ||| Stepping ~*~*~tactically~*~*~ (stealth).
 22864 | D:14     | 22864 ||| FLEEEEING.
 22865 | D:14     | 22865 ||| FLEEEEING.
 22866 | D:14     | 22866 ||| FLEEEEING.
 22867 | D:14     | 22867 ||| FLEEEEING.
 22868 | D:14     | 22868 ||| FLEEEEING.
 22869 | D:14     | 22869 ||| FLEEEEING.
 22870 | D:14     | 22870 ||| FLEEEEING.
 22871 | D:14     | 22871 ||| FLEEEEING.
 22872 | D:14     | 22872 ||| FLEEEEING.
 22873 | D:14     | 22873 ||| FLEEEEING.
 22874 | D:14     | 22874 ||| FLEEEEING.
 22875 | D:14     | 22875 ||| FLEEEEING.
 22882 | D:14     | 22882 ||| INVOKING Berserk.
 23134 | D:14     | 23134 ||| FLEEEEING.
 23143 | D:14     | HP: 22/98 [efreet/bolt of fire (48)]
 23144 | D:14     | 23144 ||| READING 8 scrolls of teleportation.
 23145 | D:14     | 23145 ||| DRINKING 5 potions of heal wounds.
 23146 | D:14     | 23146 ||| INVOKING Berserk.
 23363 | D:14     | 23363 ||| SWAPPING to -2 demon whip of venom.
 23365 | D:14     | 23365 ||| INVOKING Berserk.
 23374 | D:14     | 23374 ||| SWAPPING to +6 broad axe "Migorebb" {vorpal,
                  | rElec rF- rN++ Will+}.
 23406 | D:14     | 23406 ||| FLEEEEING.
 23407 | D:14     | 23407 ||| FLEEEEING.
 23408 | D:14     | 23408 ||| FLEEEEING.
 23409 | D:14     | 23409 ||| Stepping ~*~*~tactically~*~*~ (hiding).
 23543 | D:14     | Found an iron altar of Okawaru.
 23545 | D:14     | 23545 ||| Stepping ~*~*~tactically~*~*~ (stealth).
 23677 | D:14     | 23677 ||| SWAPPING to -2 demon whip of venom.
 23678 | D:14     | 23678 ||| INVOKING Berserk.
 23682 | D:14     | Reached skill level 6 in Shields
 23687 | D:14     | 23687 ||| SWAPPING to +6 broad axe "Migorebb" {vorpal,
                  | rElec rF- rN++ Will+}.
 24084 | D:15     | Entered Level 15 of the Dungeon
 24103 | D:15     | 24103 ||| INVOKING Trog's Hand.
 24222 | D:15     | 24222 ||| FLEEEEING.
 24223 | D:15     | 24223 ||| FLEEEEING.
 24224 | D:15     | 24224 ||| FLEEEEING.
 24228 | D:15     | 24228 ||| FLEEEEING.
 24239 | D:15     | 24239 ||| Stepping ~*~*~tactically~*~*~ (hiding).
 24252 | D:15     | 24252 ||| INVOKING Berserk.
 24275 | D:15     | HP: 26/147 [red ugly thing (33)]
 24281 | D:15     | 24281 ||| READING 9 scrolls of teleportation.
 24281 | D:15     | HP: 12/98 [white ugly thing (5)]
 24281 | D:15     | HP: 4/98 [white ugly thing (8)]
 24282 | D:15     | 24282 ||| DRINKING 4 potions of heal wounds.
 24283 | D:15     | 24283 ||| DRINKING 3 potions of heal wounds.
 24309 | D:15     | 24309 ||| FLEEEEING.
 24310 | D:15     | 24310 ||| FLEEEEING.
 24311 | D:15     | 24311 ||| FLEEEEING.
 24312 | D:15     | 24312 ||| FLEEEEING.
 24313 | D:15     | 24313 ||| FLEEEEING.
 24314 | D:15     | 24314 ||| FLEEEEING.
 24315 | D:15     | 24315 ||| FLEEEEING.
 24316 | D:15     | 24316 ||| FLEEEEING.
 24317 | D:15     | 24317 ||| FLEEEEING.
 24318 | D:15     | 24318 ||| FLEEEEING.
 24319 | D:15     | 24319 ||| FLEEEEING.
 24323 | D:15     | 24323 ||| FLEEEEING.
 24324 | D:15     | 24324 ||| STAIRDANCE
 24504 | D:15     | 24504 ||| STAIRDANCE
 24526 | D:15     | 24526 ||| INVOKING Berserk.
 24704 | D:15     | 24704 ||| READING scroll of enchant armour.
 24704 | D:15     | 24704 ||| ENCHANTING +1 pair of gloves.
 24706 | D:15     | 24706 ||| INVOKING Brothers in Arms.
 24706 | D:15     | Noticed Agnes
 24711 | D:15     | 24711 ||| INVOKING Berserk.
 24730 | D:15     | Killed Agnes
 24731 | D:15     | Reached skill level 9 in Shields
 24792 | D:15     | Identified the +1 leather armour "Uloloaff" {rC- rCorr
                  | Str+4 SInv}
 24839 | D:15     | Identified the +1 pair of gloves of Hievy {rN+ Str+4}
 24902 | D:15     | Found a stormy altar of Qazlal.
 25030 | D:15     | 25030 ||| INVOKING Berserk.
 25138 | D:15     | Found a staircase to the Depths.
 25184 | D:15     | 25184 ||| PLANNING ORC
 25184 | D:15     | 25184 ||| UPGRADING to +1 pair of gloves of Hievy {rN+
                  | Str+4}.
 25194 | D:15     | 25194 ||| DROPPING +2 pair of gloves.
 25195 | D:15     | 25195 ||| DROPPING +2 hat.
 25355 | Orc:1    | Entered Level 1 of the Orcish Mines
 25598 | Orc:2    | Entered Level 2 of the Orcish Mines
 25607 | Orc:2    | 25607 ||| INVOKING Berserk.
 25643 | Orc:2    | 25643 ||| FLEEEEING.
 25645 | Orc:2    | 25645 ||| FLEEEEING.
 25646 | Orc:2    | 25646 ||| FLEEEEING.
 25647 | Orc:2    | 25647 ||| FLEEEEING.
 25648 | Orc:2    | 25648 ||| STAIRDANCE
 25718 | Orc:2    | 25718 ||| INVOKING Trog's Hand.
 25723 | Orc:2    | 25723 ||| INVOKING Berserk.
 25834 | Orc:2    | 25834 ||| Stepping ~*~*~tactically~*~*~ (hiding).
 25836 | Orc:2    | 25836 ||| Stepping ~*~*~tactically~*~*~ (hiding).
 25837 | Orc:2    | 25837 ||| Stepping ~*~*~tactically~*~*~ (hiding).
 25871 | Orc:2    | 25871 ||| FLEEEEING.
 25876 | Orc:2    | 25876 ||| Stepping ~*~*~tactically~*~*~ (stealth).
 25982 | Orc:2    | Found Fusk's Assorted Antiques.
 25987 | Orc:2    | 25987 ||| BUYING potion of heal wounds (155 gold).
 25987 | Orc:2    | Bought a potion of heal wounds for 155 gold pieces
 25987 | Orc:2    | 25987 ||| BUYING scratched bone ring (155 gold).
 25987 | Orc:2    | Bought a scratched bone ring for 155 gold pieces
 26012 | Orc:2    | 26012 ||| Stepping ~*~*~tactically~*~*~ (hiding).
 26110 | Orc:2    | Reached XP level 16. HP: 104/104 MP: 16/16
 26200 | Orc:2    | 26200 ||| Stepping ~*~*~tactically~*~*~ (hiding).
 26209 | Orc:2    | 26209 ||| INVOKING Berserk.
 26224 | Orc:2    | 26224 ||| Stepping ~*~*~tactically~*~*~ (stealth).
 26225 | Orc:2    | 26225 ||| Stepping ~*~*~tactically~*~*~ (hiding).
 26226 | Orc:2    | 26226 ||| INVOKING Trog's Hand.
 26227 | Orc:2    | 26227 ||| INVOKING Brothers in Arms.
 26228 | Orc:2    | 26228 ||| INVOKING Brothers in Arms.
 26229 | Orc:2    | HP: 12/104 [orc sorcerer/bolt of fire (34)]
 26230 | Orc:2    | 26230 ||| READING 8 scrolls of teleportation.
 26231 | Orc:2    | 26231 ||| DRINKING 4 potions of heal wounds.
 26233 | Orc:2    | 26233 ||| INVOKING Brothers in Arms.
 26353 | Orc:2    | 26353 ||| Stepping ~*~*~tactically~*~*~ (hiding).
 26434 | Orc:2    | 26434 ||| Stepping ~*~*~tactically~*~*~ (hiding).
 26581 | Orc:2    | 26581 ||| Stepping ~*~*~tactically~*~*~ (stealth).
 26582 | Orc:2    | 26582 ||| Stepping ~*~*~tactically~*~*~ (hiding).
 26583 | Orc:2    | 26583 ||| Stepping ~*~*~tactically~*~*~ (hiding).
 26584 | Orc:2    | Found a staircase to the Elven Halls.
 26588 | Orc:2    | 26588 ||| Stepping ~*~*~tactically~*~*~ (stealth).
 26596 | Orc:2    | 26596 ||| Stepping ~*~*~tactically~*~*~ (stealth).
 26620 | Orc:2    | 26620 ||| Stepping ~*~*~tactically~*~*~ (stealth).
 26677 | Orc:2    | 26677 ||| Stepping ~*~*~tactically~*~*~ (stealth).
 26680 | Orc:2    | Paralysed by an orc sorcerer for 4 turns
 26684 | Orc:2    | 26684 ||| Stepping ~*~*~tactically~*~*~ (hiding).
 26685 | Orc:2    | 26685 ||| INVOKING Trog's Hand.
 26686 | Orc:2    | 26686 ||| INVOKING Berserk.
 26699 | Orc:2    | 26699 ||| Stepping ~*~*~tactically~*~*~ (stealth).
 26701 | Orc:2    | 26701 ||| Stepping ~*~*~tactically~*~*~ (stealth).
 26703 | Orc:2    | 26703 ||| Stepping ~*~*~tactically~*~*~ (stealth).
 26704 | Orc:2    | 26704 ||| Stepping ~*~*~tactically~*~*~ (stealth).
 26717 | Orc:2    | 26717 ||| Stepping ~*~*~tactically~*~*~ (stealth).
 26718 | Orc:2    | 26718 ||| Stepping ~*~*~tactically~*~*~ (stealth).
 26719 | Orc:2    | 26719 ||| Stepping ~*~*~tactically~*~*~ (stealth).
 26740 | Orc:2    | 26740 ||| Stepping ~*~*~tactically~*~*~ (stealth).
 26741 | Orc:2    | 26741 ||| Stepping ~*~*~tactically~*~*~ (stealth).
 26754 | Orc:2    | 26754 ||| Stepping ~*~*~tactically~*~*~ (stealth).
 26756 | Orc:2    | 26756 ||| Stepping ~*~*~tactically~*~*~ (hiding).
 26760 | Orc:2    | 26760 ||| INVOKING Brothers in Arms.
 26761 | Orc:2    | 26761 ||| INVOKING Brothers in Arms.
 26764 | Orc:2    | 26764 ||| INVOKING Trog's Hand.
 26769 | Orc:2    | 26769 ||| INVOKING Berserk.
 26802 | Orc:2    | 26802 ||| Stepping ~*~*~tactically~*~*~ (hiding).
 26805 | Orc:2    | 26805 ||| Stepping ~*~*~tactically~*~*~ (stealth).
 26806 | Orc:2    | 26806 ||| Stepping ~*~*~tactically~*~*~ (stealth).
 26807 | Orc:2    | 26807 ||| Stepping ~*~*~tactically~*~*~ (stealth).
 26808 | Orc:2    | 26808 ||| Stepping ~*~*~tactically~*~*~ (stealth).
 26810 | Orc:2    | 26810 ||| Stepping ~*~*~tactically~*~*~ (stealth).
 26857 | Orc:2    | 26857 ||| Stepping ~*~*~tactically~*~*~ (hiding).
 26888 | Orc:2    | 26888 ||| Stepping ~*~*~tactically~*~*~ (stealth).
 26891 | Orc:2    | 26891 ||| Stepping ~*~*~tactically~*~*~ (hiding).
 26956 | Orc:2    | 26956 ||| Stepping ~*~*~tactically~*~*~ (stealth).
 26970 | Orc:2    | Found Basehuab's Weapon Boutique.
 27086 | Orc:2    | 27086 ||| FLEEEEING.
 27087 | Orc:2    | 27087 ||| FLEEEEING.
 27088 | Orc:2    | 27088 ||| FLEEEEING.
 27089 | Orc:2    | 27089 ||| FLEEEEING.
 27090 | Orc:2    | 27090 ||| FLEEEEING.
 27091 | Orc:2    | 27091 ||| FLEEEEING.
 27092 | Orc:2    | 27092 ||| FLEEEEING.
 27093 | Orc:2    | 27093 ||| FLEEEEING.
 27099 | Orc:2    | 27099 ||| FLEEEEING.
 27100 | Orc:2    | 27100 ||| FLEEEEING.
 27101 | Orc:2    | 27101 ||| FLEEEEING.
 27102 | Orc:2    | 27102 ||| FLEEEEING.
 27104 | Orc:2    | 27104 ||| FLEEEEING.
 27109 | Orc:2    | 27109 ||| STAIRDANCE
 27129 | Orc:1    | 27129 ||| INVOKING Berserk.
 27139 | Orc:1    | 27139 ||| Stepping ~*~*~tactically~*~*~ (stealth).
 27141 | Orc:1    | 27141 ||| Stepping ~*~*~tactically~*~*~ (stealth).
 27234 | Orc:1    | 27234 ||| Stepping ~*~*~tactically~*~*~ (stealth).
 27240 | Orc:1    | 27240 ||| Stepping ~*~*~tactically~*~*~ (stealth).
 27427 | Orc:1    | Noticed Urug
 27428 | Orc:1    | 27428 ||| Stepping ~*~*~tactically~*~*~ (hiding).
 27432 | Orc:1    | 27432 ||| INVOKING Brothers in Arms.
 27433 | Orc:1    | 27433 ||| INVOKING Berserk.
 27437 | Orc:1    | Killed Urug
 27710 | Orc:1    | 27710 ||| UPGRADING to +4 ring of evasion.
 27712 | Orc:1    | 27712 ||| DROPPING +6 ring of strength.
 27742 | Orc:2    | 27742 ||| Stepping ~*~*~tactically~*~*~ (hiding).
 27864 | Orc:2    | Found Neatoi Xuugh's Antique Armour Shop.
 27866 | Orc:2    | Found Sategec's Antique Weapon Boutique.
 27873 | Orc:2    | 27873 ||| BUYING pair of glowing boots (202 gold).
 27873 | Orc:2    | Bought a pair of glowing boots for 202 gold pieces
 27873 | Orc:2    | 27873 ||| BUYING pair of scorched gloves (256 gold).
 27873 | Orc:2    | Bought a pair of scorched gloves for 256 gold pieces
 27873 | Orc:2    | Identified the +2 pair of gloves of the Morning {Regen+
                  | Str+3 Dex+3} (You bought it in a shop on level 2 of the
                  | Orcish Mines)
 27873 | Orc:2    | 27873 ||| BUYING runed helmet (202 gold).
 27873 | Orc:2    | Bought a runed helmet for 202 gold pieces
 27873 | Orc:2    | 27873 ||| BUYING runed plate armour (702 gold).
 27873 | Orc:2    | Bought a runed plate armour for 702 gold pieces
 27879 | Orc:2    | 27879 ||| PLANNING SWAMP:1-3
 27879 | Orc:2    | 27879 ||| DROPPING +1 pair of boots.
 27880 | Orc:2    | 27880 ||| UPGRADING to +2 pair of gloves of the Morning
                  | {Regen+ Str+3 Dex+3}.
 27890 | Orc:2    | 27890 ||| DROPPING +1 pair of gloves of Hievy {rN+ Str+4}.
 27891 | Orc:2    | 27891 ||| DROPPING +0 helmet of intelligence.
 27892 | Orc:2    | 27892 ||| DROPPING +0 plate armour of positive energy.
 28028 | Swamp:1  | Entered Level 1 of the Swamp
 28030 | Swamp:1  | 28030 ||| Stepping ~*~*~tactically~*~*~ (hiding).
 28080 | Swamp:1  | 28080 ||| READING scroll of enchant armour.
 28080 | Swamp:1  | 28080 ||| ENCHANTING +0 helmet.
 28087 | Swamp:1  | Reached skill level 12 in Shields
 28395 | Swamp:1  | 28395 ||| Stepping ~*~*~tactically~*~*~ (hiding).
 28398 | Swamp:1  | 28398 ||| INVOKING Berserk.
 28522 | Swamp:1  | 28522 ||| Stepping ~*~*~tactically~*~*~ (hiding).
 28523 | Swamp:1  | 28523 ||| Stepping ~*~*~tactically~*~*~ (hiding).
 28734 | Swamp:1  | Identified Roxanne's Teachings on Minerals
 28734 | Swamp:1  | Noticed Roxanne
 28738 | Swamp:1  | 28738 ||| INVOKING Berserk.
 28748 | Swamp:1  | Killed Roxanne
 28870 | Swamp:1  | 28870 ||| READING 2 scrolls labelled OHUTERR XABIBB.
 28871 | Swamp:1  | 28871 ||| DROPPING scroll of fear.
 28907 | Swamp:2  | Noticed Jorgrun
 28908 | Swamp:2  | 28908 ||| Stepping ~*~*~tactically~*~*~ (hiding).
 28911 | Swamp:2  | 28911 ||| INVOKING Berserk.
 28916 | Swamp:2  | Killed Jorgrun
 28920 | Swamp:2  | 28920 ||| FLEEEEING.
 28921 | Swamp:2  | 28921 ||| Stepping ~*~*~tactically~*~*~ (hiding).
 28922 | Swamp:2  | 28922 ||| FLEEEEING.
 28923 | Swamp:2  | 28923 ||| SWAPPING to -2 demon whip of venom.
 28934 | Swamp:2  | 28934 ||| SWAPPING to +6 broad axe "Migorebb" {vorpal,
                  | rElec rF- rN++ Will+}.
 29007 | Swamp:2  | 29007 ||| Stepping ~*~*~tactically~*~*~ (stealth).
 29033 | Swamp:2  | 29033 ||| INVOKING Berserk.
 29100 | Swamp:2  | 29100 ||| Stepping ~*~*~tactically~*~*~ (cloud).
 29137 | Swamp:2  | 29137 ||| INVOKING Berserk.
 29307 | Swamp:2  | 29307 ||| Stepping ~*~*~tactically~*~*~ (hiding).
 29311 | Swamp:2  | 29311 ||| INVOKING Berserk.
 29464 | Swamp:2  | You are sucked into a shaft and drop 1 floor!
 29482 | Swamp:3  | 29482 ||| Stepping ~*~*~tactically~*~*~ (stealth).
 29484 | Swamp:3  | 29484 ||| Stepping ~*~*~tactically~*~*~ (hiding).
 29486 | Swamp:3  | 29486 ||| INVOKING Berserk.
 29495 | Swamp:3  | Reached skill level 18 in Axes
 29554 | Swamp:3  | 29554 ||| DROPPING scarf of shadows.
 29569 | Swamp:3  | 29569 ||| INVOKING Berserk.
 29781 | Swamp:2  | Noticed Aizul
 29782 | Swamp:2  | 29782 ||| INVOKING Trog's Hand.
 29784 | Swamp:2  | 29784 ||| INVOKING Berserk.
 29799 | Swamp:2  | Killed Aizul
 29979 | Swamp:3  | 29979 ||| SWAPPING to -2 demon whip of venom.
 29980 | Swamp:3  | 29980 ||| INVOKING Berserk.
 30004 | Swamp:3  | 30004 ||| SWAPPING to +6 broad axe "Migorebb" {vorpal,
                  | rElec rF- rN++ Will+}.
 30010 | Swamp:3  | 30010 ||| STAIRDANCE
 30131 | Swamp:3  | 30131 ||| READING scroll of acquirement.
 30131 | Swamp:3  | 30131 ||| ACQUIRING +3 vorpal broad axe
 30131 | Swamp:3  | Acquired a +3 vorpal broad axe
 30133 | Swamp:3  | 30133 ||| DROPPING +3 war axe of a treasure trove {spect,
                  | +Blink rElec rPois Int-5}.
 30161 | Swamp:3  | 30161 ||| Stepping ~*~*~tactically~*~*~ (hiding).
 30393 | Swamp:3  | 30393 ||| Stepping randomly (cloudy).
 30400 | Swamp:3  | 30400 ||| SWAPPING to -2 demon whip of venom.
 30401 | Swamp:3  | 30401 ||| Stepping ~*~*~tactically~*~*~ (outnumbered).
 30402 | Swamp:3  | 30402 ||| SWAPPING to +6 broad axe "Migorebb" {vorpal,
                  | rElec rF- rN++ Will+}.
 30403 | Swamp:3  | 30403 ||| SWAPPING to -2 demon whip of venom.
 30405 | Swamp:3  | 30405 ||| SWAPPING to +6 broad axe "Migorebb" {vorpal,
                  | rElec rF- rN++ Will+}.
 30408 | Swamp:3  | 30408 ||| SWAPPING to -2 demon whip of venom.
 30411 | Swamp:3  | 30411 ||| SWAPPING to +6 broad axe "Migorebb" {vorpal,
                  | rElec rF- rN++ Will+}.
 30477 | Swamp:3  | 30477 ||| INVOKING Berserk.
 30586 | Swamp:3  | Identified the +1 robe "Riar" {Rampage rF- rC+ Str+2}
 30618 | Swamp:3  | 30618 ||| SWAPPING to -2 demon whip of venom.
 30619 | Swamp:3  | 30619 ||| INVOKING Berserk.
 30627 | Swamp:3  | 30627 ||| SWAPPING to +6 broad axe "Migorebb" {vorpal,
                  | rElec rF- rN++ Will+}.
 30671 | Swamp:3  | 30671 ||| Stepping ~*~*~tactically~*~*~ (stealth).
 30674 | Swamp:3  | 30674 ||| INVOKING Berserk.
 30792 | Swamp:3  | 30792 ||| Stepping ~*~*~tactically~*~*~ (hiding).
 30839 | Swamp:3  | 30839 ||| Stepping ~*~*~tactically~*~*~ (hiding).
 30842 | Swamp:3  | 30842 ||| Stepping ~*~*~tactically~*~*~ (hiding).
 30848 | Swamp:3  | 30848 ||| INVOKING Berserk.
 31130 | Swamp:3  | 31130 ||| PLANNING SPIDER:1-3
 31201 | Lair:2   | 31201 ||| INVOKING Brothers in Arms.
 31215 | Lair:2   | 31215 ||| INVOKING Brothers in Arms.
 31216 | Lair:2   | 31216 ||| INVOKING Brothers in Arms.
 31231 | Spider:1 | Entered Level 1 of the Spider Nest
 31251 | Spider:1 | 31251 ||| Stepping ~*~*~tactically~*~*~ (stealth).
 31256 | Spider:1 | 31256 ||| Stepping ~*~*~tactically~*~*~ (stealth).
 31273 | Spider:1 | 31273 ||| Stepping ~*~*~tactically~*~*~ (stealth).
 31277 | Spider:1 | 31277 ||| Stepping ~*~*~tactically~*~*~ (stealth).
 31303 | Spider:1 | 31303 ||| Stepping ~*~*~tactically~*~*~ (stealth).
 31304 | Spider:1 | 31304 ||| Stepping ~*~*~tactically~*~*~ (stealth).
 31329 | Spider:1 | 31329 ||| Stepping ~*~*~tactically~*~*~ (stealth).
 31331 | Spider:1 | 31331 ||| Stepping ~*~*~tactically~*~*~ (hiding).
 31369 | Spider:1 | 31369 ||| Stepping ~*~*~tactically~*~*~ (stealth).
 31519 | Spider:1 | Noticed Azrael
 31521 | Spider:1 | 31521 ||| INVOKING Berserk.
 31539 | Spider:1 | Killed Azrael
 31657 | Spider:1 | 31657 ||| Stepping ~*~*~tactically~*~*~ (stealth).
 31668 | Spider:1 | Reached XP level 17. HP: 100/112 MP: 17/17
 31887 | Spider:1 | 31887 ||| INVOKING Berserk.
 31890 | Spider:1 | Reached skill level 15 in Fighting
 31901 | Spider:1 | 31901 ||| Stepping ~*~*~tactically~*~*~ (stealth).
 31907 | Spider:1 | 31907 ||| Stepping ~*~*~tactically~*~*~ (stealth).
 31908 | Spider:1 | 31908 ||| Stepping ~*~*~tactically~*~*~ (stealth).
 32015 | Spider:1 | 32015 ||| Stepping ~*~*~tactically~*~*~ (hiding).
 32103 | Spider:1 | 32103 ||| Stepping ~*~*~tactically~*~*~ (stealth).
 32104 | Spider:1 | 32104 ||| Stepping ~*~*~tactically~*~*~ (stealth).
 32106 | Spider:1 | 32106 ||| Stepping ~*~*~tactically~*~*~ (hiding).
 32138 | Spider:1 | 32138 ||| Stepping ~*~*~tactically~*~*~ (stealth).
 32198 | Spider:1 | 32198 ||| INVOKING Brothers in Arms.
 32199 | Spider:1 | 32199 ||| Stepping ~*~*~tactically~*~*~ (hiding).
 32205 | Spider:1 | 32205 ||| INVOKING Brothers in Arms.
 32206 | Spider:1 | 32206 ||| INVOKING Berserk.
 32261 | Spider:1 | 32261 ||| Stepping ~*~*~tactically~*~*~ (stealth).
 32283 | Spider:1 | 32283 ||| Stepping ~*~*~tactically~*~*~ (stealth).
 32464 | Spider:1 | 32464 ||| Stepping ~*~*~tactically~*~*~ (hiding).
 32467 | Spider:1 | 32467 ||| INVOKING Brothers in Arms.
 32559 | Spider:1 | 32559 ||| Stepping ~*~*~tactically~*~*~ (stealth).
 32561 | Spider:1 | 32561 ||| Stepping ~*~*~tactically~*~*~ (stealth).
 32563 | Spider:1 | 32563 ||| INVOKING Brothers in Arms.
 32564 | Spider:1 | 32564 ||| INVOKING Brothers in Arms.
 32565 | Spider:1 | 32565 ||| INVOKING Brothers in Arms.
 32579 | Spider:1 | 32579 ||| INVOKING Berserk.
 32745 | Spider:1 | 32745 ||| Stepping ~*~*~tactically~*~*~ (stealth).
 32797 | Spider:1 | 32797 ||| Stepping ~*~*~tactically~*~*~ (stealth).
 32968 | Spider:1 | 32968 ||| Stepping ~*~*~tactically~*~*~ (stealth).
 33211 | Spider:2 | 33211 ||| Stepping ~*~*~tactically~*~*~ (hiding).
 33212 | Spider:2 | 33212 ||| Stepping ~*~*~tactically~*~*~ (stealth).
 33215 | Spider:2 | 33215 ||| INVOKING Brothers in Arms.
 33226 | Spider:2 | Reached skill level 6 in Dodging
 33234 | Spider:2 | Identified the +1 ring mail of Amorality {rElec rC+ Regen+}
 33240 | Spider:2 | 33240 ||| INVOKING Berserk.
 33311 | Spider:2 | 33311 ||| Stepping ~*~*~tactically~*~*~ (stealth).
 33312 | Spider:2 | 33312 ||| Stepping ~*~*~tactically~*~*~ (stealth).
 33314 | Spider:2 | 33314 ||| Stepping ~*~*~tactically~*~*~ (hiding).
 33318 | Spider:2 | 33318 ||| INVOKING Brothers in Arms.
 33319 | Spider:2 | 33319 ||| INVOKING Brothers in Arms.
 33320 | Spider:2 | 33320 ||| INVOKING Brothers in Arms.
 33321 | Spider:2 | 33321 ||| INVOKING Brothers in Arms.
 33453 | Spider:2 | 33453 ||| INVOKING Berserk.
 33453 | Spider:2 | HP: 41/169 [spark wasp[a torpor snail] (4)]
 33459 | Spider:2 | HP: 27/169 [demonic crawler (2)]
 33464 | Spider:2 | HP: 14/169 [jumping spider (5)]
 33468 | Spider:2 | 33468 ||| READING 9 scrolls of teleportation.
 33469 | Spider:2 | 33469 ||| DRINKING 3 potions of heal wounds.
 33648 | Spider:2 | Reached skill level 15 in Shields
 33671 | Spider:2 | 33671 ||| DRINKING 4 potions of cancellation.
 33672 | Spider:2 | 33672 ||| INVOKING Brothers in Arms.
 33673 | Spider:2 | 33673 ||| INVOKING Brothers in Arms.
 33674 | Spider:2 | 33674 ||| INVOKING Brothers in Arms.
 33683 | Spider:2 | 33683 ||| INVOKING Berserk.
 33709 | Spider:2 | 33709 ||| Stepping ~*~*~tactically~*~*~ (stealth).
 33711 | Spider:2 | 33711 ||| Stepping ~*~*~tactically~*~*~ (stealth).
 33828 | Spider:2 | 33828 ||| Stepping ~*~*~tactically~*~*~ (stealth).
 33843 | Spider:2 | 33843 ||| Stepping ~*~*~tactically~*~*~ (hiding).
 33907 | Spider:2 | 33907 ||| Stepping ~*~*~tactically~*~*~ (stealth).
 34250 | Spider:3 | 34250 ||| STAIRDANCE
 34261 | Spider:3 | Noticed Arachne
 34262 | Spider:3 | 34262 ||| Stepping ~*~*~tactically~*~*~ (hiding).
 34263 | Spider:3 | 34263 ||| Stepping ~*~*~tactically~*~*~ (hiding).
 34280 | Spider:3 | 34280 ||| Stepping ~*~*~tactically~*~*~ (hiding).
 34282 | Spider:3 | 34282 ||| Stepping ~*~*~tactically~*~*~ (hiding).
 34286 | Spider:3 | 34286 ||| Stepping ~*~*~tactically~*~*~ (hiding).
 34287 | Spider:3 | 34287 ||| Stepping ~*~*~tactically~*~*~ (hiding).
 34298 | Spider:3 | Killed Arachne
 34324 | Spider:3 | 34324 ||| Stepping ~*~*~tactically~*~*~ (stealth).
 34335 | Spider:3 | 34335 ||| DRINKING 14 potions of curing.
 34335 | Spider:3 | 34335 ||| (to cure confusion)
 34366 | Spider:3 | 34366 ||| Stepping ~*~*~tactically~*~*~ (stealth).
 34378 | Spider:3 | 34378 ||| DRINKING 14 potions of curing.
 34378 | Spider:3 | 34378 ||| (to cure confusion)
 34414 | Spider:3 | 34414 ||| Stepping ~*~*~tactically~*~*~ (stealth).
 34424 | Spider:3 | 34424 ||| Stepping ~*~*~tactically~*~*~ (stealth).
 34425 | Spider:3 | 34425 ||| Stepping ~*~*~tactically~*~*~ (stealth).
 34438 | Spider:3 | 34438 ||| Stepping ~*~*~tactically~*~*~ (stealth).
 34440 | Spider:3 | 34440 ||| Stepping ~*~*~tactically~*~*~ (stealth).
 34454 | Spider:3 | 34454 ||| Stepping ~*~*~tactically~*~*~ (stealth).
 34456 | Spider:3 | 34456 ||| Stepping ~*~*~tactically~*~*~ (stealth).
 34457 | Spider:3 | 34457 ||| INVOKING Brothers in Arms.
 34499 | Spider:3 | 34499 ||| Stepping ~*~*~tactically~*~*~ (hiding).
 34580 | Spider:3 | 34580 ||| INVOKING Berserk.
 34594 | Spider:3 | Gained mutation: You are frail. (-10% HP) [mutagenic glow]
 34695 | Spider:3 | 34695 ||| DRINKING 9 potions of mutation.
 34695 | Spider:3 | Lost mutation: You are frail. (-10% HP) [potion of
                  | mutation]
 34695 | Spider:3 | Gained mutation: Your muscles are strong. (Str +4, Int/Dex
                  | -1) [potion of mutation]
 34695 | Spider:3 | Gained mutation: Your skin changes colour to match your
                  | surroundings (Stealth+). [potion of mutation]
 34695 | Spider:3 | Gained mutation: You have hidden genetic defects. [potion
                  | of mutation]
 34807 | Spider:3 | 34807 ||| INVOKING Brothers in Arms.
 34863 | Spider:3 | 34863 ||| Stepping randomly (disturbance).
 35003 | Spider:3 | 35003 ||| INVOKING Berserk.
 35013 | Spider:3 | Reached XP level 18. HP: 120/120 MP: 18/18
 35117 | Spider:3 | 35117 ||| DROPPING -2 demon whip of venom.
 35261 | Spider:3 | 35261 ||| PLANNING SWAMP:4
 35402 | Swamp:4  | Entered Level 4 of the Swamp
 35516 | Swamp:4  | 35516 ||| READING 11 scrolls of teleportation.
 35517 | Swamp:4  | 35517 ||| Stepping randomly (cloudy).
 35570 | Swamp:4  | 35570 ||| READING 10 scrolls of teleportation.
 35571 | Swamp:4  | 35571 ||| Stepping randomly (cloudy).
 35671 | Swamp:4  | 35671 ||| Stepping ~*~*~tactically~*~*~ (stealth).
 35673 | Swamp:4  | 35673 ||| Stepping ~*~*~tactically~*~*~ (stealth).
 35675 | Swamp:4  | 35675 ||| Stepping ~*~*~tactically~*~*~ (stealth).
 35679 | Swamp:4  | 35679 ||| FLEEEEING.
 35680 | Swamp:4  | 35680 ||| FLEEEEING.
 35681 | Swamp:4  | 35681 ||| FLEEEEING.
 35682 | Swamp:4  | 35682 ||| FLEEEEING.
 35694 | Swamp:4  | 35694 ||| FLEEEEING.
 35697 | Swamp:4  | 35697 ||| FLEEEEING.
 35698 | Swamp:4  | 35698 ||| STAIRDANCE
 35838 | Swamp:4  | 35838 ||| Stepping ~*~*~tactically~*~*~ (stealth).
 35839 | Swamp:4  | 35839 ||| INVOKING Berserk.
 35855 | Swamp:4  | Noticed the 27-headed Lernaean hydra
 35865 | Swamp:4  | HP: 30/122 [the 27-headed Lernaean hydra (1)]
 35866 | Swamp:4  | 35866 ||| READING 9 scrolls of teleportation.
 35866 | Swamp:4  | HP: 11/122 [the 27-headed Lernaean hydra (9)]
 35866 | Swamp:4  | Slain by the 27-headed Lernaean hydra

Levels and vault maps discovered:
D:1:      nicolae_arrival_somewhat_less_tricky_arrival, layout_loops_ring,
          hellmonk_ecumenical_altar_pennies_from_heaven
D:2:      layout_basic, basic_altar
D:3:      layout_basic, kiku_gazebo_pond_becter, jmf_multi_god_temple2,
          gammafunk_ghost_necromancy, solitary_fountain,
          minmay_fractal_squares_gapless_5
D:4:      minmay_chambers_of_twos, layout_loops_corners, minmay_joined_circles
D:5:      layout_rooms, kennysheep_little_box, temple_pool_b,
          chequers_serial_rivers_micro_c, uniq_blork_the_orc
D:6:      layout_rooms, gammafunk_ghost_nasty_kobolds,
          minmay_misc_feat_nine_boxes, minmay_misc_feat_tower, bh_walls_and_bars
D:7:      layout_basic, lemuel_blue_sif_altar, hangedman_decor_clover_reticule,
          minmay_misc_feat_square, minivault_27
D:8:      corexii_shack_village, layout_basic, dk_yredelemnul_ordeal,
          david_lair_shrubbed, minmay_gold_behind_fungi, minmay_nine_imps
D:9:      layout_rooms, orc_0_dummy, hangedman_abyss_or_decor_passed,
          uniq_amaemon, uniq_erica
D:10:     layout_loops_ring, mainiacjoe_overflow_boulevard, serial_glass,
          glass_columns_c, glass_columns_a
D:11:     layout_irregular_city, nicolae_tso_carved_into_rock
D:12:     layout_basic, serial_shops, nicolae_take_the_stairs,
          gammafunk_ghost_ooze, patterned_corridor, uniq_maurice
D:13:     layout_cross, erik_vaults_1
D:14:     layout_long_grid, okawaru_trees_2
D:15:     grunt_enter_depths_snipers, layout_rooms,
          nicolae_qazlal_scattered_showers, ice2_lemuel, uniq_agnes
Lair:1:   layout_regular_city, serial_bayou_shore_a
Lair:2:   cheibrodos_lair_river_kwai, layout_loops_ring, swamp_mist_pool,
          nicolae_spider_entry_orb_guardian
Lair:3:   beast_lair_carwin_large_2, layout_regular_city
Lair:4:   layout_concentric_octagons, nicolae_quartered_pool_impasse
Lair:5:   hellmonk_lair_end_abyssal_woods, layout_cellular_growth,
          slime_entry_1, serial_bayou_shore_b
Swamp:1:  layout_basic_swamp, evilmike_swamp_ruin_rubble_1, uniq_roxanne
Swamp:2:  layout_basic_swamp, evilmike_swamp_ruin_house_1, uniq_aizul,
          uniq_jorgrun
Swamp:3:  layout_basic_swamp, evilmike_swamp_ruin_house_5, swamp_pool1
Swamp:4:  swamp_old_school, layout_basic_swamp
Spider:1: nicolae_spider_hilbert_zone_2 [nicolae_spider_hilbert_4_sides_1_open,
          nicolae_spider_hilbert_4_sides_1_open,
          nicolae_spider_hilbert_4_sides_1_open,
          nicolae_spider_hilbert_4_sides_1_open,
          nicolae_spider_hilbert_6_sides_1_open,
          nicolae_spider_hilbert_6_sides_1_open,
          nicolae_spider_hilbert_3_sides_1_open,
          nicolae_spider_hilbert_3_sides_1_open,
          nicolae_spider_hilbert_3_sides_1_open,
          nicolae_spider_hilbert_3_sides_1_open,
          nicolae_spider_hilbert_6_sides_1_open,
          nicolae_spider_hilbert_6_sides_1_open,
          nicolae_spider_hilbert_6_sides_1_open,
          nicolae_spider_hilbert_6_sides_1_open], uniq_azrael
Spider:2: layout_spider_delve
Spider:3: layout_spider_delve, uniq_arachne
Orc:1:    layout_caves, basic_altar, uniq_urug
Orc:2:    grunt_orc_community_town_hall, layout_caves,
          grunt_orc_community_big_house_2, grunt_orc_community_big_house_2,
          grunt_orc_community_house_1, grunt_orc_community_house_1,
          grunt_orc_community_house_1, grunt_orc_community_house_2,
          grunt_orc_community_house_3, grunt_orc_community_house_3

Skill      XL: |  1  2  3  4  5  6  7  8  9 10 11 12 13 14 15 16 17 |
---------------+----------------------------------------------------+-----
Axes           | 3 4 5 6 7 8 10 11 13 14 15 17 18 | 18.0
Fighting       | 4 5 6 7 9 10 11 13 14 16 | 16.7
Armour         | 3 4 5 6 8 12 14 | 14.0
Dodging        | 2 3 4 5 6 |  6.0
Throwing       | 2 4 5 6 7 |  7.0
Shields        | 10 14 15 | 15.0

Action                   |  1- 3 |  4- 6 |  7- 9 | 10-12 | 13-15 | 16-18 || total
-------------------------+-------+-------+-------+-------+-------+-------++-------
Melee: Hand axe          |    70 |   142 |       |       |       |       ||   212
       Punch             |       |     1 |     6 |     4 |     6 |       ||    17
       War axe           |       |    11 |    58 |       |       |       ||    69
       Broad axe         |       |       |    84 |   214 |   772 |   871 ||  1941
       Morningstar       |       |       |       |    29 |    20 |       ||    49
       Demon whip        |       |       |       |       |     6 |    39 ||    45
Throw: Boomerang         |       |     5 |    69 |    52 |    60 |    40 ||   226
       Javelin           |       |       |       |    10 |    92 |   123 ||   225
Invok: Berserk           |     3 |     4 |    11 |    15 |    23 |    29 ||    85
       Brothers in Arms  |       |       |       |       |     6 |    14 ||    20
       Trog's Hand       |       |       |       |       |     2 |     4 ||     6
  Use: Scroll            |     8 |     1 |    10 |     8 |     7 |     8 ||    42
       Potion            |     2 |       |     3 |     1 |     3 |     6 ||    15
 Stab: Distracted        |       |       |     1 |       |       |     1 ||     2
Armor: Animal skin       |     2 |       |       |       |       |       ||     2
       Ice dragon scales |    19 |    77 |    60 |   134 |   502 |   634 ||  1426
       Plate armour      |       |       |     6 |       |       |       ||     6
Dodge: Dodged            |    36 |    71 |    53 |   126 |   339 |   555 ||  1180
Block: Kite shield       |       |       |       |       |   104 |   516 ||   620
       Reflection        |       |       |       |       |     2 |    18 ||    20

Table legend:
 A = Non-vault XP
 B = Vault XP
 C = Vault XP percentage of total XP
 D = Non-vault monster count
 E = Vault monster count
 F = Vault count percentage of total count
                 A         B        C        D         E       F
            +---------+---------+-------+---------+---------+-------
      Total |  176310 |   60798 |  25.6 |     657 |     236 |  26.4
            +---------+---------+-------+---------+---------+-------
        D:1 |      16 |       0 |   0.0 |      11 |       0 |   0.0
        D:2 |      23 |       0 |   0.0 |      11 |       0 |   0.0
        D:3 |     146 |       8 |   5.2 |      17 |       4 |  19.0
        D:4 |     286 |     362 |  55.9 |      27 |      23 |  46.0
        D:5 |     809 |      99 |  10.9 |      15 |       1 |   6.2
        D:6 |     817 |       0 |   0.0 |      12 |       0 |   0.0
        D:7 |    1556 |       0 |   0.0 |      34 |       0 |   0.0
        D:8 |     957 |     670 |  41.2 |      15 |      20 |  57.1
        D:9 |     874 |    2032 |  69.9 |       9 |       3 |  25.0
       D:10 |    1029 |       0 |   0.0 |      14 |       0 |   0.0
       D:11 |    2481 |       0 |   0.0 |      20 |       0 |   0.0
       D:12 |    1839 |     485 |  20.9 |       4 |       1 |  20.0
       D:13 |    8837 |    1654 |  15.8 |      19 |       2 |   9.5
       D:14 |   10127 |       0 |   0.0 |      16 |       0 |   0.0
       D:15 |   10065 |    5811 |  36.6 |      21 |      10 |  32.3
     Lair:1 |    3116 |       0 |   0.0 |      12 |       0 |   0.0
     Lair:2 |    8295 |    2256 |  21.4 |      26 |       6 |  18.8
     Lair:3 |    3748 |    1524 |  28.9 |      15 |       6 |  28.6
     Lair:4 |    7495 |       0 |   0.0 |      27 |       0 |   0.0
     Lair:5 |   18570 |   11881 |  39.0 |      50 |      43 |  46.2
    Swamp:1 |    4682 |    1330 |  22.1 |      10 |       1 |   9.1
    Swamp:2 |    7140 |    2992 |  29.5 |      16 |       2 |  11.1
    Swamp:3 |   15866 |       0 |   0.0 |      30 |       0 |   0.0
    Swamp:4 |    3014 |    6532 |  68.4 |       8 |      10 |  55.6
   Spider:1 |   21930 |   13209 |  37.6 |      56 |      27 |  32.5
   Spider:2 |   22754 |       0 |   0.0 |      58 |       0 |   0.0
   Spider:3 |   13245 |    2242 |  14.5 |      25 |       1 |   3.8
      Orc:1 |    2567 |     798 |  23.7 |      39 |       1 |   2.5
      Orc:2 |    4026 |    6913 |  63.2 |      40 |      75 |  65.2
            +---------+---------+-------+---------+---------+-------
